 Dungeon Crawl Stone Soup version 0.28.0-53-g5a82cb258f (webtiles) character file.

Game seed: 11569438738237422482

15 Tirrikindir the Ducker (level 2, 29/29 HPs)
             Began as a Troll Fighter on Aug 14, 2022.
             Was a Plaything of Xom.
             Got out of the dungeon alive.
             The game lasted 00:00:58 (280 turns).

Tirrikindir the Ducker (Troll Fighter)               Turns: 280, Time: 00:00:59

Health: 29/29      AC:  4    Str: 23    XL:     2   Next: 34%
Magic:  1/1        EV:  8    Int:  4    God:    Xom [..*...]
Gold:   38         SH:  7    Dex:  9    Spells: 1/1 levels left

rFire   . . .      SeeInvis .     - Unarmed
rCold   . . .      Faith    .   b - +0 kite shield
rNeg    . . .      Spirit   .   a - +0 robe
rPois   .          Reflect  .   (helmet restricted)
rElec   .          Harm     .   (no cloak)
rCorr   .          Rampage  .   (gloves unavailable)
Will    .....                   (boots unavailable)
Stlth   +.........              (no amulet)
HPRegen 0.89/turn               (no ring)
MPRegen 0.07/turn               (no ring)

@: no status effects
A: large, unfitting armour, claws 3, regeneration 1, shaggy fur 1, tough skin 1
a: Renounce Religion


You escaped.
You worshipped Xom.
You were a toy of Xom.
You visited 1 branch of the dungeon, and saw 1 of its levels.

You collected 38 gold pieces.

Inventory:

Armour
 a - a +0 robe (worn)
 b - a +0 kite shield (worn)
Potions
 c - a potion of might
 d - a potion of curing {unknown}


   Skills:
 + Level 2.5 Fighting
 + Level 2.5 Dodging
 + Level 2.5 Shields
 * Level 2.4 Unarmed Combat


You had one spell level left.
You didn't know any spells.
Your spell library contained the following spells:

 Spells                   Type           Power      Damage    Failure   Level
 Foxfire                  Conj/Fire      0%         2x1d4     80%         1


Dungeon Overview and Level Annotations

Branches:
Dungeon (1/15)

Altars:
Xom


Innate Abilities, Weirdness & Mutations

You are too large for most types of armour.
You have claws for hands.
Your natural rate of healing is unusually fast.
You are covered in fur. (AC +1)
You have tough skin. (AC +1)


Message History

d - a fizzy emerald potion A kobold comes into view.
It is wielding a +0 dagger.
The kobold throws a stone.
You block the stone.
The kobold throws a stone.
The stone hits you but does no damage.
You closely miss the kobold. The kobold misses you.
You claw the kobold!
You kill the kobold!
Things that are here:
a +0 dagger; 3 stones A ball python comes into view.
Found 8 gold pieces.
The helpless ball python fails to defend itself.
You claw the ball python!
You kill the ball python!
You see here a ball python corpse.
You now have 38 gold pieces (gained 8).
A rat comes into view.
Found a smoky red potion.
You claw the rat!
You kill the rat!
(D) Dungeon
Where to? (? - help)
What level of the Dungeon? (default 1, ? - help)
You see here 25 sling bullets.
You see here a rat corpse.
A kobold comes into view. It is wielding a +0 whip.
You see here 16 stones.
You scratch the kobold.
You kill the kobold!
Things that are here:
a +0 whip; 4 stones
(D) Dungeon
Where to? (Enter - D:1 @ (x,y), ? - help)
There is an open door here.
Things that are here:
a +0 club; a +0 dagger; a rat corpse
There is an open gate here.
There is a staircase leading out of the dungeon here.
Are you sure you want to leave the Dungeon?
This will make you lose the game!
You have escaped!

# # # ≈# ## ♣♣♣♣♣♣ ≈≈# .#
♣@P..♣≈≈≈# .## ♣♣...♣≈≈≈#
..# #♣♣.....≈≈≈# #.#
#.......≈≈≈# #.##
#P.....≈≈≈≈# #..###
#......≈≈≈≈# ##...#
#P......≈≈≈#
#'''#########♣.♣....≈≈≈#
##...##.♣♣P.P♣......≈≈≈≈#


There were no monsters in sight!

Vanquished Creatures
  A dart slug (D:1)
  2 endoplasms (D:1)
  2 goblins (D:1)
  2 kobolds (D:1)
  3 ball pythons (D:1)
  A frilled lizard (D:1)
  3 rats (D:1)
14 creatures vanquished.

Notes
Turn   | Place    | Note
-------+----------+-------------------------------------------
     0 | D:1      | Tirrikindir the Troll Fighter began the quest for the Orb.
     0 | D:1      | Reached XP level 1. HP: 22/22 MP: 0/0
   104 | D:1      | Reached XP level 2. HP: 29/29 MP: 1/1
   133 | D:1      | Found a faded altar of an unknown god.
   138 | D:1      | Got Plato's Incunabulum of Fire
   155 | D:1      | Prayed at the altar of an unknown god.
   155 | D:1      | Became a worshipper of Xom of Unknown Intent
   280 | D:$      | Got out of the dungeon alive.

Illustrated notes

Levels and vault maps discovered:
D:1:      kennysheep_arrival_seaside, layout_basic,
          shapermc_ecumenical_altar_rom_forum

Action                   || total
-------------------------++-------
Melee: Unarmed           ||    28
 Stab: Sleeping          ||     1
Armor: Robe              ||     6
Dodge: Dodged            ||     6
Block: Kite shield       ||    10
